 Dungeon Crawl Stone Soup version 0.29.0-13-gc9e81de378 (webtiles) character file.

Game seed: 8679344012170985463

454 robertstho the Magician (level 7, -3/49 HPs)
             Began as a Djinni Fire Elementalist on Sept 7, 2022.
             Slain by a killer bee zombie (4 damage)
             ... in an ossuary.
             The game lasted 00:03:12 (4267 turns).

robertstho the Magician (Djinni Fire Elementalist)  Turns: 4267, Time: 00:03:12

Health: -3/49      AC:  3    Str:  7    XL:     7   Next: 26%
Gold:   318        EV: 12    Int: 18    God:
                   SH:  3    Dex: 14

rFire   + + .      SeeInvis .   g - +0 short sword
rCold   x . .      Faith    .   j - +0 buckler
rNeg    . . .      Spirit   .   a - +0 robe
rPois   ∞          Reflect  .   (no helmet)
rElec   .          Harm     .   q - +0 cloak
rCorr   .          Rampage  .   (no gloves)
Will    .....                   (boots unavailable)
Stlth   ++........              (no amulet)
HPRegen 0.16/turn               h - ring of wizardry
MPRegen 0.00/turn               (no ring)

@: flying, very slightly contaminated
A: sickness immunity, fire resistance 2, cold vulnerability 1, float, innate
caster, HP casting, extra vitality 1
a: no special abilities


You were in an ossuary.
You visited 1 branch of the dungeon, and saw 4 of its levels.
You also visited: Ossuary.

You collected 318 gold pieces.

Inventory:

Hand Weapons
 g - a +0 short sword (weapon)
Armour
 a - a +0 robe (worn)
 j - a +0 buckler (worn)
 q - a +0 cloak (worn)
Jewellery
 h - a ring of wizardry (left hand)
 i - a ring of ice
 l - a +4 ring of slaying
Wands
 v - a wand of flame (4)
 y - a wand of charming (8)
Scrolls
 d - 5 scrolls of fear {unknown}
 e - 2 scrolls of amnesia {unknown}
 f - 2 scrolls of blinking {unknown}
 m - a scroll of magic mapping {unknown}
 o - 3 scrolls of butterflies {unknown}
 p - 2 scrolls of identify {unknown}
 s - a scroll of enchant armour {unknown}
 u - a scroll of silence {unknown}
 x - 3 scrolls of teleportation {unknown}
Potions
 b - 2 potions of degeneration {unknown}
 c - a potion of haste {unknown}
 k - 3 potions of curing {unknown}
 r - a potion of heal wounds {unknown}
 t - a potion of might {unknown}
 w - a potion of cancellation {unknown}


   Skills:
 * Level 2.1 Fighting
 + Level 2.3 Dodging
 + Level 1.8 Stealth
 * Level 5.5 Spellcasting


You couldn't memorise any spells.
You knew the following spells:

 Your Spells              Type           Power      Damage    Failure   Level
a - Foxfire               Conj/Fire      100%       2x1d9     1%          1
b - Scorch                Fire           50%        2d7       1%          2
c - Conjure Flame         Conj/Fire      25%        6-21      2%          3
d - Inner Flame           Hex/Fire       25%        N/A       2%          3
e - Flame Wave            Conj/Fire      25%        2d8       7%          4
f - Sandblast             Erth           50%        2d12      1%          1
g - Wereblood             Tmut           25%        N/A       1%          2
h - Ensorcelled Hibernat  Hex/Ice        50%        N/A       1%          2
Your spell library was empty.

Dungeon Overview and Level Annotations

Branches:
Dungeon (4/15)            Ossuary (1/1)
 Temple: D:4-7

Altars:

Shops:
D:3 :


Innate Abilities, Weirdness & Mutations

You are immune to sickness and miasma.
You are immune to poison.
Your flesh is very heat resistant. (rF++)
You are vulnerable to cold. (rC-)
You float through the air rather than walking.
You learn spells naturally, not from books.
Your magical power is your life essence.
You have superior vitality. (+4 MHP)


Message History

* * * LOW HITPOINT WARNING * * *
The mummy is no longer more vulnerable to fire.
The killer bee zombie barely misses you.
Unknown command.
You block the killer bee zombie's attack.
The killer bee zombie hits you.
* * * LOW HITPOINT WARNING * * *
Casting: Flame Wave (dangerous; 7% risk of failure)
Confirm with . or Enter, or press ? or * to list all spells.
Casting: Flame Wave (dangerous; 7% risk of failure)
Press: ? - help, Dir - look around, f - activate A wave of flame ripples out!
The flame wave engulfs the killer bee zombie!
The killer bee zombie is moderately damaged.
The flame wave engulfs the killer bee zombie!
The killer bee zombie is heavily damaged.
The flame wave engulfs the mummy!!
The mummy is burned terribly!
You destroy the mummy! (Press . to intensify the flame waves.)
* * * LOW HITPOINT WARNING * * *
The killer bee zombie barely misses you. x2
Unknown command.
Unknown command.
Unknown command.
A wave of flame ripples out!
The flame wave engulfs the killer bee zombie!
The killer bee zombie is almost destroyed.
The flame wave engulfs the killer bee zombie!
The killer bee zombie is almost destroyed.
The flame wave engulfs the killer bee zombie!
The killer bee zombie is burned terribly!
The killer bee zombie is almost destroyed.
* * * LOW HITPOINT WARNING * * *
The killer bee zombie is no longer more vulnerable to fire.
The killer bee zombie misses you.
You block the killer bee zombie's attack.
The killer bee zombie hits you.
* * * LOW HITPOINT WARNING * * *
The killer bee zombie hits you.
You die...

#≈#≈##≈ ##
#≈~#~~ ##~
## ~≈.≈.#.~
~.#
#~~.~.#.~.#+
+~~.~..~~~~.
##'## #...#
#.ZZ# #.Z@#
#####


You could see 3 killer bee zombies.

Vanquished Creatures
  A phantom (D:4)
  A wyvern zombie (Ossuary)
  A bullfrog zombie (Ossuary)
  Crazy Yiuf (D:2)
  An iguana (D:3)
  An orc wizard (D:4)
  6 mummies
  A gnoll (D:1)
  3 adders (D:4)
  A worm (D:2)
  5 orcs
  4 endoplasms
  2 giant cockroaches
  5 goblins
  4 hobgoblins
  3 jackals (D:1)
  4 quokkas
  6 ball pythons
  2 bats
  4 frilled lizards
  5 kobolds (D:1)
  4 rats
65 creatures vanquished.

Vanquished Creatures (collateral kills)
  12 foxfires
12 creatures vanquished.

Vanquished Creatures (others)
  187 foxfires
  A plant (D:1)
  9 withered plants (Ossuary)
197 creatures vanquished.

Grand Total: 274 creatures vanquished

Notes
Turn   | Place    | Note
-------+----------+-------------------------------------------
     0 | D:1      | robertstho the Djinni Fire Elementalist began the quest for
                  | the Orb.
     0 | D:1      | robertstho set off with the following spells memorised:
                  | Foxfire, Scorch, Conjure Flame, Inner Flame, Flame Wave.
     0 | D:1      | Reached XP level 1. HP: 15/15 MP: 0/0
   337 | D:1      | Reached XP level 2. HP: 19/21 MP: 0/0
   467 | D:1      | Reached skill level 3 in Spellcasting
   832 | D:1      | Reached XP level 3. HP: 23/25 MP: 0/0
   832 | D:1      | Learned a level 1 spell: Sandblast
  2331 | D:2      | Reached XP level 4. HP: 29/31 MP: 0/0
  2708 | D:2      | Found a runed translucent door.
  2709 | D:2      | Noticed Crazy Yiuf
  2715 | D:2      | Killed Crazy Yiuf
  2716 | D:2      | Reached skill level 1 in Fighting
  2902 | D:3      | Found a faded altar of an unknown god.
  3103 | D:3      | Found Oduygiopli's Book Emporium.
  3120 | D:3      | Reached skill level 4 in Spellcasting
  3120 | D:3      | Reached XP level 5. HP: 21/37 MP: 0/0
  3120 | D:3      | Learned a level 2 spell: Wereblood
  3702 | D:4      | Noticed a phantom
  3706 | D:4      | Killed a phantom
  3707 | D:4      | Reached XP level 6. HP: 35/42 MP: 0/0
  3992 | D:4      | Found a sand-covered staircase.
  4000 | Ossuary  | Entered an ossuary
  4027 | Ossuary  | Reached skill level 5 in Spellcasting
  4070 | Ossuary  | Reached XP level 7. HP: 1/49 MP: 0/0
  4070 | Ossuary  | Learned a level 2 spell: Ensorcelled Hibernation
  4267 | Ossuary  | HP: 1/49 [killer bee zombie (2)]
  4267 | Ossuary  | Slain by a killer bee zombie

Illustrated notes

Levels and vault maps discovered:
D:1:      lightli_arrival_flooded_house, layout_loops_ring, serial_bayou,
          serial_bayou_lagoon_b, serial_bayou_pond_d, serial_bayou_shore_b,
          serial_bayou_pond_a
D:2:      layout_rooms, uniq_crazy_yiuf_cottage
D:3:      layout_loops_ring, serial_shops, shop,
          shapermc_ecumenical_altar_acropolis
D:4:      layout_rooms, gup_ossuary_entry_pyramid, uniq_menkaure, uniq_robin,
          uniq_ijyb
Ossuary:  ossuary_zaba_flooded

Skill      XL: |  1  2  3  4  5  6 |
---------------+-------------------+-----
Spellcasting   | 3 4 5 |  5.5
Fighting       | 1 2 |  2.1
Dodging        | |  2.3
Stealth        | |  1.8

Action                   |  1- 3 |  4- 6 |  7- 9 || total
-------------------------+-------+-------+-------++-------
 Cast: Foxfire           |    76 |    38 |     5 ||   119
       Scorch            |     5 |    29 |     2 ||    36
       Flame Wave        |       |       |     2 ||     2
Evoke: Wand              |       |     1 |       ||     1
Armor: Robe              |     1 |     1 |       ||     2
Dodge: Dodged            |     2 |     6 |     5 ||    13
Block: Buckler           |       |     2 |     2 ||     4
